 Dungeon Crawl Stone Soup version 0.28-a0-407-g69098e2f6d (webtiles) character file.

Game seed: 1134461323818636372

4 SkeletonJelly the Skirmisher (level 1, -1/20 HPs)
             Began as a Minotaur Fighter on Sept 5, 2021.
             Slain by a gnoll (3 damage)
             ... on level 1 of the Dungeon.
             The game lasted 00:00:35 (85 turns).

SkeletonJelly the Skirmisher (Minotaur Fighter)       Turns: 85, Time: 00:00:35

Health: -1/20      AC:  6    Str: 20    XL:     1   Next: 58%
Magic:  0/0        EV:  9    Int:  5    God:
Gold:   9          SH:  4    Dex:  9    Spells: 0/0 levels left

rFire   . . .      SeeInvis .   a - +0 war axe
rCold   . . .      Faith    .   c - +0 buckler
rNeg    . . .      Spirit   .   b - +0 scale mail
rPois   .          Reflect  .   (helmet restricted)
rElec   .          Harm     .   (no cloak)
rCorr   .          Rampage  .   (no gloves)
Will    .....                   (no boots)
Stlth   ..........              (no amulet)
HPRegen 0.06/turn               (no ring)
MPRegen 0.07/turn               (no ring)

@: no status effects
A: horns 2, retaliatory headbutt
a: no special abilities


You were on level 1 of the Dungeon.
You visited 1 branch of the dungeon, and saw 1 of its levels.

You collected 9 gold pieces.

Inventory:

Hand Weapons
 a - a +0 war axe (weapon)
Armour
 b - a +0 scale mail (worn)
 c - a +0 buckler (worn)
Potions
 d - a potion of might


   Skills:
 + Level 3.7 Fighting
 * Level 2.8 Axes
 - Level 3.6 Armour
 + Level 3.6 Shields


You couldn't memorise any spells.
You didn't know any spells.
Your spell library was empty.

Dungeon Overview and Level Annotations

Branches:
Dungeon (1/15)

Altars:


Innate Abilities, Weirdness & Mutations

You have a pair of horns on your head.
You reflexively headbutt those who attack you in melee.


Message History

You closely miss the rat. You headbutt the rat.
You kill the rat!
You hit the endoplasm.
The endoplasm is severely wounded.
The endoplasm hits you but does no damage.
You hit the endoplasm but do no damage. You headbutt the endoplasm.
You kill the endoplasm!
Health restored: 20 No target in view!
No target in view!
No target in view!
No target in view!
A frilled lizard comes into view.
The frilled lizard hisses angrily.
A frilled lizard is nearby!
A frilled lizard is nearby!
A frilled lizard is nearby!
A frilled lizard is nearby!
You hit the frilled lizard.
You kill the frilled lizard!
No target in view!
No target in view!
No target in view!
No target in view!
No target in view!
You now have 9 gold pieces.
Found a knobbly smoking staff.
A ball python comes into view.
The ball python hisses angrily.
A ball python is nearby!
A ball python is nearby!
The ball python barely misses you. The ball python grabs you.
The ball python constricts you.
You closely miss the ball python. The ball python bites you.
The ball python constricts you.
The ball python bites you but does no damage.
The ball python constricts you.
You take 1 damage, and have 19/20 hp.
You closely miss the ball python.
The ball python bites you but does no damage.
The ball python constricts you.
You hit the ball python but do no damage.
The ball python barely misses you. The ball python constricts you.
You block the ball python's attack. The ball python constricts you.
Health restored: 20 You barely miss the ball python.
The ball python closely misses you. The ball python constricts you.
The ball python bites you but does no damage.
The ball python constricts you.
You closely miss the ball python.
The ball python bites you but does no damage.
The ball python constricts you.
You take 1 damage, and have 19/20 hp.
You slash the ball python!
You kill the ball python!
Unknown command.
Unknown command.
HP restored.
Found a stone staircase leading down.
Health restored: 20 A gnoll comes into view.
It is wielding a +0 spear.
A gnoll is nearby!
A gnoll is nearby!
An endoplasm comes into view.
The gnoll hits you with a +0 spear.
You take 3 damage, and have 17/20 hp.
You hit the gnoll.
The gnoll is heavily wounded.
The gnoll hits you with a +0 spear.
You take 4 damage, and have 13/20 hp.
You hit the gnoll but do no damage.
The gnoll is heavily wounded.
You hit the endoplasm. The gnoll hits you with a +0 spear.
The endoplasm barely misses you.
You take 5 damage, and have 8/20 hp.
MASSIVE DAMAGE!!
You are too injured to fight recklessly!
You are too injured to fight recklessly!
You are too injured to fight recklessly!
You are too injured to fight recklessly!
You are too injured to fight recklessly!
You are too injured to fight recklessly!
You barely miss the gnoll. Your headbutt misses the gnoll.
The gnoll is heavily wounded.
You hit the endoplasm but do no damage. You block the gnoll's attack.
The endoplasm closely misses you. The gnoll barely misses you.
The endoplasm freezes you.
You are frozen.
* * * LOW HITPOINT WARNING * * *
You take 3 damage, and have 5/20 hp.
You closely miss the gnoll.
The gnoll is heavily wounded.
You hit the endoplasm.
You kill the endoplasm!
The gnoll hits you with a +0 spear.
* * * LOW HITPOINT WARNING * * *
You take 3 damage, and have 2/20 hp.
You barely miss the gnoll.
The gnoll is heavily wounded.
The gnoll barely misses you. The gnoll hits you with a +0 spear.
You die...

.##.# ##..########
#. ...........####.
#####...........
#......## #.#######
#......# #.......#
#......# .......#
######.#####......#
#......@g....#
#.........:..#
#............#
#.......######
#.......# #..>....#
#########


You could see a gnoll.

Vanquished Creatures
  2 endoplasms (D:1)
  A ball python (D:1)
  A frilled lizard (D:1)
  A rat (D:1)
5 creatures vanquished.

Notes
Turn   | Place    | Note
-------+----------+-------------------------------------------
     0 | D:1      | SkeletonJelly the Minotaur Fighter began the quest for the
                  | Orb.
     0 | D:1      | Reached XP level 1. HP: 19/19 MP: 0/0
    85 | D:1      | Slain by a gnoll

Illustrated notes

Levels and vault maps discovered:
D:1:      heliophobic_arrival_henge, layout_basic,
          shapermc_ecumenical_altar_notcrosses, serial_shops, shop,
          minmay_misc_feat_room, hangedman_decor_clover_reticule

Action                   || total
-------------------------++-------
Melee: War axe           ||    18
       Headbutt          ||     2
Armor: Scale mail        ||     6
Dodge: Dodged            ||     9
Block: Buckler           ||     3

Table legend: (Time is in decaauts)
 A = Elapsed time spent in this place.
 B = Non-inter-level travel time spent in this place.
 C = Inter-level travel time spent in this place.
 D = Time resting spent in this place.
 E = Time spent auto-exploring this place.
 F = Levels seen in this place.
 G = Mean time per level.
                   A        B        C        D        E       F      G
               +--------+--------+--------+--------+--------+-----+--------+
         Total |     91 |     91 |      0 |      0 |     53 |   1 |   91.0 |
       Dungeon |     91 |     91 |      0 |      0 |     53 |   1 |   91.0 |
               +--------+--------+--------+--------+--------+-----+--------+

Top non-repeatable levels by time:
     D:1: 91 daAuts
